 Dungeon Crawl Stone Soup version 0.19-a0-958-gd69d43c (webtiles) character file.

1871 TheGoonsmith the Slicer (level 9, 44/47 HPs)
             Began as a Vine Stalker Gladiator on July 11, 2016.
             Was a Follower of Pakellas.
             Quit the game on level 8 of the Dungeon.
             The game lasted 00:11:25 (5597 turns).

TheGoonsmith the Slicer (Vine Stalker Gladiator)    Turns: 5597, Time: 00:11:26

Health: 44/47      AC:  9    Str: 19    XL:     9   Next: 13%
Magic:  4/10       EV:  8    Int:  8    God:    Pakellas [*.....]
Gold:   346        SH:  0    Dex: 17    Spells: 0 memorised, 8 levels left

rFire  . . .     SeeInvis .     a - +1 rapier
rCold  . . .     Gourm    .     o - +0 chain mail
rNeg   . . .     Faith    .     (no shield)
rPois  .         Spirit   +     c - +0 helmet
rElec  .         Dismiss  .     (no cloak)
rCorr  .         Reflect  .     (no gloves)
SustAt .         Harm     .     (no boots)
MR     +....                    i - amulet of regeneration
Stlth  ..........               (no ring)
                                (no ring)

@: somewhat resistant to hostile enchantments, extremely unstealthy
A: fangs 3, regeneration 2, magic shield, antimagic bite, no device heal 3, rot
immunity
a: Quick Charge, Renounce Religion


You were on level 8 of the Dungeon.
You worshipped Pakellas.
Pakellas was aware of your devotion.
You were not hungry.

You visited 2 branches of the dungeon, and saw 9 of its levels.

You collected 346 gold pieces.

Inventory:

Hand Weapons
 a - a +1 rapier (weapon)
Missiles
 d - 3 throwing nets
 n - 4 steel javelins (quivered)
 s - 32 poisoned needles
 t - 4 javelins
Armour
 b - a +0 leather armour
 c - a +0 helmet (worn)
 f - a fire dragon hide
 o - a +0 chain mail (worn)
Jewellery
 i - an amulet of regeneration (around neck)
 w - an uncursed ring of positive energy {unknown}
 D - an uncursed ring of sustain attributes {unknown}
Wands
 q - a wand of teleportation (7/9)
 y - a wand of iceblast (0/15)
 C - a wand of confusion (26/48)
Scrolls
 e - 5 scrolls of identify
 g - 3 scrolls of remove curse
 j - a scroll of enchant weapon
 A - 2 scrolls of teleportation
Potions
 h - 2 potions of lignification {unknown}
 l - a potion of agility {unknown}
 m - 5 potions of curing
 r - a potion of magic {unknown}
 u - 4 potions of flight {unknown}
 x - a potion of resistance {unknown}
 E - a potion of cancellation {unknown}
Comestibles
 k - 2 slices of pizza
 p - 5 meat rations
 v - 2 bread rations
 z - 5 fruits
 B - a royal jelly


   Skills:
 - Level 5.0 Fighting
 * Level 9.9 Short Blades
 - Level 1.7 Throwing
 - Level 2.4 Dodging


You had 8 spell levels left.
You didn't know any spells.

Dungeon Overview and Level Annotations

Branches:
Dungeon (8/15)             Temple (1/1) D:6
   Lair: D:8-11

Altars:
Ashenzari
Dithmenos
Elyvilon
Fedhas
Gozag
Hepliaklqana
Kikubaaqudgha
Nemelex Xobeh
Pakellas
Vehumet
Xom
Yredelemnul
The Shining One

Shops:
D:4 %


Innate Abilities, Weirdness & Mutations

You have razor-sharp teeth.
You heal very quickly.
When hurt, damage is shared between your health and your magic reserves.
Your bite disrupts the magic of your enemies.
Potions and wands cannot restore your health.
You are immune to rotting.


Message History

Items here: )) [[ † a falchion; a leather armour x2; a flail; an orc corpse You puncture the phantom!
You bite the phantom, but do no damage.
The phantom is severely damaged.
You hit the phantom but do no damage.
The phantom is severely damaged.
The phantom hits you but does no damage.
You hit the phantom. Your bite misses the phantom.
The phantom is severely damaged.
The phantom hits you.
The phantom blinks!
You miss the phantom. You bite the phantom.
The phantom's magic leaks into the air.
You disrupt its magic.
The phantom is severely damaged.
The phantom falters for a moment.
You puncture the phantom!
You destroy the phantom!
Pakellas accepts your kill.
You feel your power returning.
Found a scroll of identify.
Are you sure you want to abandon this character and quit the game? (Confirm with "yes".)

#..#
..# #
..# .#
#.###.#
#.#...
#...#
#...#
#.@.#
#)#.#
#<#.#
#.#..
####..
..# ?..
..##


There were no monsters in sight!

Vanquished Creatures
  A hungry ghost (D:7)
  Menkaure (D:4)
  An orc warrior (D:7)
  2 phantoms
  2 black bears (D:7)
  2 ogres (D:7)
  The ghost of Guenter the Shield-Bearer, an amateur FoFi (D:3)
  A necrophage (D:7)
  A centaur (D:7)
  A giant frog (D:7)
  A howler monkey (D:6)
  2 centaur skeletons
  A jelly (D:7)
  4 hounds
  3 orc wizards
  A giant frog skeleton (D:4)
  An orc priest (D:3)
  Terence (D:2)
  2 worker ants
  2 hound zombies
  A hound skeleton (D:7)
  7 adders
  2 shadow imps
  An adder zombie (D:7)
  An adder skeleton (D:5)
  2 worms
  2 dart slugs
  5 giant geckos
  12 orcs
  5 bats
  5 giant cockroaches
  6 goblins
  6 hobgoblins
  10 jackals
  3 kobolds (D:2)
  10 quokkas
  A ball python (D:2)
  3 giant newts
  7 rats
120 creatures vanquished.

Notes
Turn   | Place    | Note
-------+----------+-------------------------------------------
     0 | D:1      | TheGoonsmith the Vine Stalker Gladiator began the quest for the Orb.
     0 | D:1      | Reached XP level 1. HP: 11/11 MP: 2/2
    44 | D:1      | Reached skill level 3 in Short Blades
    48 | D:1      | Reached XP level 2. HP: 15/15 MP: 3/3
   182 | D:1      | Reached XP level 3. HP: 18/18 MP: 4/4
   866 | D:2      | Found a radiant altar of Vehumet.
   892 | D:2      | Noticed Terence
   931 | D:2      | Killed Terence
   931 | D:2      | Reached skill level 4 in Short Blades
   931 | D:2      | Reached XP level 4. HP: 20/23 MP: 5/5
   945 | D:2      | Found a hazy altar of Hepliaklqana.
  1417 | D:3      | Reached XP level 5. HP: 19/28 MP: 4/6
  1445 | D:3      | Found a white marble altar of Elyvilon.
  1732 | D:3      | Reached skill level 5 in Short Blades
  1733 | D:3      | Found a shattered altar of Ashenzari.
  1749 | D:3      | Gained mutation: You heal very quickly. [Vine Stalker growth]
  1749 | D:3      | Reached XP level 6. HP: 6/32 MP: 5/7
  1901 | D:3      | Noticed Guenter's ghost (amateur FoFi)
  2197 | D:3      | Killed Guenter's ghost
  2303 | D:4      | Noticed Menkaure
  2312 | D:4      | Killed Menkaure
  2312 | D:4      | Reached skill level 6 in Short Blades
  2312 | D:4      | Reached XP level 7. HP: 28/37 MP: 4/8
  2631 | D:4      | Found Yfutoguw's Food Emporium.
  2877 | D:4      | Found a sparkling altar of Nemelex Xobeh.
  2877 | D:4      | Found an opulent altar of Gozag.
  2951 | D:5      | Entered Level 5 of the Dungeon
  3236 | D:5      | Found an ancient bone altar of Kikubaaqudgha.
  3305 | D:5      | Reached skill level 7 in Short Blades
  3798 | D:6      | Gained mutation: You have razor-sharp teeth. [Vine Stalker growth]
  3798 | D:6      | Reached XP level 8. HP: 42/42 MP: 9/9
  3903 | D:6      | Found a staircase to the Ecumenical Temple.
  3929 | Temple   | Entered the Ecumenical Temple
  3959 | Temple   | Became a worshipper of Pakellas the Inventive
  4501 | D:7      | Reached skill level 5 in Fighting
  4799 | D:7      | Reached skill level 8 in Short Blades
  5071 | D:7      | Reached skill level 9 in Short Blades
  5310 | D:7      | Reached XP level 9. HP: 47/47 MP: 4/10
  5341 | D:7      | Found a blossoming altar of Fedhas.
  5475 | D:7      | Reached * piety under Pakellas
  5475 | D:7      | Received a gift from Pakellas
  5597 | D:8      | Quit the game

Vault maps used:
D:1:      dpeg_arrival_line_fractal, corexii_leaking_fountain, hex_medium
D:2:      lemuel_coloured_pillars_altar, lemuel_doored_altar, uniq_terence
D:3:      elyvilon_altar_4, old_standard_altar
D:4:      grunt_temple_overflow_opulence, serial_shops, nicolae_shop_crystal,
          uniq_menkaure
D:5:      first_bread, basic_altar
D:7:      old_standard_altar
D:8:      nicolae_overflow_crystal_walls, serial_curves, eino_curves_04,
          eino_curves_01, uniq_pikel
Temple:   oiseaux_autumnal_temple

Skill      XL: |  1  2  3  4  5  6  7  8 |
---------------+-------------------------+-----
Fighting       | 2 3 4 5 |  5.0
Short Blades   | 3 4 5 6 7 9 |  9.9
Throwing       | |  1.7
Dodging        | |  2.4

Action                   |  1- 3 |  4- 6 |  7- 9 || total
-------------------------+-------+-------+-------++-------
Melee: Rapier            |   143 |    96 |   222 ||   461
       Bite              |    45 |    34 |    80 ||   159
Throw: Javelin           |       |    10 |     2 ||    12
Evoke: Wand              |       |       |     2 ||     2
  Use: Scroll            |       |       |     9 ||     9
 Stab: Sleeping          |     1 |       |       ||     1
  Eat: Chunk             |       |     3 |     5 ||     8
       Bread ration      |       |     1 |     1 ||     2
Armor: Leather armour    |    60 |    16 |       ||    76
       Chain mail        |       |     5 |    71 ||    76
Dodge: Dodged            |   124 |    36 |    69 ||   229
